 Dungeon Crawl Stone Soup version 0.29.0-15-g675c0067aa (webtiles) character file.

Game seed: 17083696181871819796

1 qw the Sneak (level 1, 0/14 HPs)
             Began as a Gargoyle Delver on Sept 11, 2022.
             Slain by Natasha (7 damage)
             ... on level 4 of the Dungeon.
             The game lasted 00:00:04 (427 turns).

qw the Sneak (Gargoyle Delver)                       Turns: 427, Time: 00:00:04

Health: 0/14       AC:  7    Str: 15    XL:     1   Next: 20%
Magic:  1/1        EV: 10    Int: 10    God:
Gold:   7          SH:  0    Dex: 11    Spells: 0/0 levels left

rFire   . . .      SeeInvis .   a - +0 hand axe
rCold   . . .      Faith    .   (no shield)
rNeg    + . .      Spirit   .   h - +0 ring mail
rPois   inf        Reflect  .   (no helmet)
rElec   +          Harm     .   (no cloak)
rCorr   .          Rampage  .   (no gloves)
Will    .....                   (no boots)
Stlth   ++........              (no amulet)
HPRegen 0.04/turn               (no ring)
MPRegen 0.07/turn               (no ring)

@: no status effects
A: sickness immunity, AC +2, negative energy resistance 1, electricity
resistance, torment resistance 1, petrification resistance
a: no special abilities


You were on level 4 of the Dungeon.
You visited 1 branch of the dungeon, and saw 2 of its levels.

You collected 7 gold pieces.


Innate Abilities, Weirdness & Mutations

You are immune to sickness and miasma.
Your stone body is resilient. (AC +2)
You are immune to poison.
You resist negative energy. (rN+)
You are resistant to electric shocks. (rElec)
You are resistant to unholy torment.
You are immune to petrification.


   Skills:
 - Level 3.2 Fighting
 + Level 1.9 Axes
 - Level 1.5 Dodging
 - Level 5.4 Stealth


You couldn't memorise any spells.
You didn't know any spells.
Your spell library was empty.

Inventory:

Hand Weapons
 a - a +0 hand axe (weapon)
 b - a +0 club
Armour
 h - a +0 ring mail (worn)
Wands
 g - a wand of digging (3)
Potions
 f - a potion of haste

Dungeon Overview and Level Annotations

Branches:
Dungeon (5/15)
 Temple: D:4-7

Altars:

Annotations:
D:4 Natasha


Message History

Waypoint 1 assigned to D:4.
You barely miss the goblin. The goblin hits you with a +0 club.
You hit the goblin.
You kill the goblin!
You start resting.
HP restored.
b - a +0 club You now have 7 gold pieces.
You open the door.
Natasha, Servant of Life and Death comes into view.
She is carrying a wand of roots (5).
84 ||| Stepping ~*~*~tactically~*~*~ (hiding).
You start waiting.
Done waiting.
186 ||| Stepping ~*~*~tactically~*~*~ (hiding).
You start waiting.
Done waiting.
288 ||| Stepping ~*~*~tactically~*~*~ (hiding).
You start waiting.
Done waiting.
390 ||| Stepping ~*~*~tactically~*~*~ (hiding).
You start waiting.
A goblin comes into view. It is wielding a +0 dagger.
The goblin shouts!
You hear an angry hiss.
420 ||| Stepping ~*~*~tactically~*~*~ (hiding).
423 ||| Stepping ~*~*~tactically~*~*~ (hiding).
424 ||| Stepping ~*~*~tactically~*~*~ (hiding).
Natasha zaps a wand.
The roots erupt in riotous growth!
The grasping roots grab you! The grasping roots constrict you!
Ouch! That really hurt!
You hear a bark!
You escape the roots grasp.
Natasha misses you.
You hit Natasha.
Natasha is moderately wounded.
A hound comes into view.
Natasha claws you!
Ouch! That really hurt!
You die...

##### #
#...
##.###..##
........>##
##.##./...#
##...##
##@## #h#
#g# #'# ...
.....
.......
......h..
+.......h.+


You could see a hound, Natasha and a goblin.

Vanquished Creatures
  A goblin (D:4)
1 creature vanquished.

Notes
Turn   | Place    | Note
-------+----------+-------------------------------------------
     0 | D:5      | qw the Gargoyle Delver began the quest for the Orb.
     0 | D:5      | Reached XP level 1. HP: 14/14 MP: 1/1
     0 | D:5      | 0 ||| qw: Version: 0.1-a-117-gfe26ee0
     0 | D:5      | 0 ||| qw: Game counter: 10006
     0 | D:5      | 0 ||| qw: Always use a shield: true
     0 | D:5      | 0 ||| qw: God list: Okawaru
     0 | D:5      | 0 ||| qw: Allow faded altars: false
     0 | D:5      | 0 ||| qw: Do Orc after D:15 true
     0 | D:5      | 0 ||| qw: Do second Lair branch before Depths: true
     0 | D:5      | 0 ||| qw: Lair rune preference: random
     0 | D:5      | 0 ||| qw: Plans: Normal
     0 | D:5      | 0 ||| PLANNING D:1-11
    16 | D:5      | 16 ||| UPGRADING to +0 ring mail.
    26 | D:5      | 26 ||| DROPPING +0 leather armour.
    27 | D:5      | 27 ||| DROPPING scroll of fog.
    28 | D:5      | 28 ||| DROPPING scroll of magic mapping.
    29 | D:5      | 29 ||| DROPPING scroll of fear.
    83 | D:4      | Noticed Natasha
    84 | D:4      | 84 ||| Stepping ~*~*~tactically~*~*~ (hiding).
   186 | D:4      | 186 ||| Stepping ~*~*~tactically~*~*~ (hiding).
   288 | D:4      | 288 ||| Stepping ~*~*~tactically~*~*~ (hiding).
   390 | D:4      | 390 ||| Stepping ~*~*~tactically~*~*~ (hiding).
   420 | D:4      | 420 ||| Stepping ~*~*~tactically~*~*~ (hiding).
   423 | D:4      | 423 ||| Stepping ~*~*~tactically~*~*~ (hiding).
   424 | D:4      | 424 ||| Stepping ~*~*~tactically~*~*~ (hiding).
   427 | D:4      | Noticed a hound
   427 | D:4      | Slain by Natasha

Levels and vault maps discovered:
D:4:      layout_loops_corners, grunt_temple_overflow_open, uniq_natasha,
          uniq_robin
D:5:      minmay_general_purpose_star, layout_basic, grunt_decor_arrowhead,
          uniq_ijyb, uniq_pikel

Action                   || total
-------------------------++-------
Melee: Hand axe          ||     3
Dodge: Dodged            ||     1

Table legend:
 A = Non-vault XP
 B = Vault XP
 C = Vault XP percentage of total XP
 D = Non-vault monster count
 E = Vault monster count
 F = Vault count percentage of total count
                 A         B        C        D         E       F
            +---------+---------+-------+---------+---------+-------
      Total |       2 |       0 |   0.0 |       1 |       0 |   0.0
            +---------+---------+-------+---------+---------+-------
        D:4 |       2 |       0 |   0.0 |       1 |       0 |   0.0
            +---------+---------+-------+---------+---------+-------
